 Dungeon Crawl Stone Soup version 0.21-a0-496-g696f58f537 (webtiles) character file.

137 Kaname the Stinger (level 5, 28/35 HPs)
             Began as a Demonspawn Venom Mage on Nov 24, 2017.
             Quit the game on level 3 of the Dungeon.
             The game lasted 00:06:39 (2219 turns).

Kaname the Stinger (Demonspawn Venom Mage)          Turns: 2219, Time: 00:06:39

Health: 28/35      AC:  9    Str:  8    XL:     5   Next: 0%
Magic:  4/8        EV: 12    Int: 17    God:
Gold:   141        SH:  0    Dex: 14    Spells: 2/8 levels left

rFire    . . .     SeeInvis .   p - +2 trident (protect)
rCold    . . .     Gourm    .   (no shield)
rNeg     . . .     Faith    .   a - +0 robe
rPois    .         Spirit   .   (no helmet)
rElec    .         Reflect  .   (no cloak)
rCorr    .         Harm     .   (no gloves)
MR       .....                  (no boots)
Stlth    ++........             (no amulet)
HPRegen  0.11/turn              (no ring)
MPRegen  0.11/turn              (no ring)

@: protection aura
A: claws 1, sanguine armour 1
a: no special abilities


You were on level 3 of the Dungeon.
You were not hungry.

You visited 1 branch of the dungeon, and saw 3 of its levels.

You collected 141 gold pieces.

Inventory:

Hand Weapons
 f - a +1 short sword of speed
 p - a +2 trident of protection (weapon)
Armour
 a - a +0 robe (worn)
Scrolls
 h - a scroll of blinking
 i - 2 scrolls of remove curse
 j - a scroll of teleportation
 k - a scroll of fog
 n - a scroll of fear
 t - a scroll of identify
Potions
 e - a potion of mutation {unknown}
 g - a potion of curing {unknown}
 l - a potion of resistance {unknown}
 m - a potion of degeneration {unknown}
 o - a potion of agility {unknown}
 r - a potion of ambrosia {unknown}
Books
 b - a Young Poisoner's Handbook

   Spells                             Type                      Level
   a - Sting                          Conjuration/Poison           1
   b - Poisonous Vapours              Poison/Air                   2
   c - Mephitic Cloud                 Conjuration/Poison/Air       3
   d - Olgreb's Toxic Radiance        Poison                       4
   e - Venom Bolt                     Conjuration/Poison           5
Comestibles
 c - a bread ration
 d - 9 chunks of flesh
 q - 2 royal jellies
 s - a meat ration


   Skills:
 - Level 1.7 Dodging
 - Level 1.7 Stealth
 - Level 2.0 Spellcasting
 - Level 2.0 Conjurations
 + Level 1.4 Air Magic
 * Level 5.0 Poison Magic


You had 2 spell levels left.
You knew the following spells:

 Your Spells              Type           Power        Failure   Level  Hunger
a - Sting                 Conj/Pois      ##..         4%          1    #......
b - Poisonous Vapours     Pois/Air       ##....       8%          2    ###....
c - Mephitic Cloud        Conj/Pois/Air  ##......     19%         3    ###....


Dungeon Overview and Level Annotations

Branches:
Dungeon (3/15)

Altars:
Cheibriados


Innate Abilities, Weirdness & Mutations

You have sharp fingernails.
When seriously injured, your bleeding wounds create armour. (AC +0)


Message History

You barely miss the hobgoblin.
The hobgoblin is almost dead.
The hobgoblin closely misses you.
You hit the hobgoblin.
You kill the hobgoblin!
You miss the goblin. The goblin misses you. The goblin barely misses you.
You puncture the goblin!
You kill the goblin!
You barely miss the kobold.
The kobold hits you with a dagger of holy wrath.
You convulse.
The kobold closely misses you.
You closely miss the kobold. The kobold hits you but does no damage.
You closely miss the kobold. The kobold barely misses you.
You puncture the kobold!
Your weapon exudes an aura of protection.
You kill the kobold!
You have reached level 5!
Your demonic ancestry asserts itself...
You feel your blood ready itself to protect you.
Are you sure you want to abandon this character and quit the game? (Confirm with "yes".)

################
##......g@.......
####....#.###.......
......(.K.###..######
#.#....#.).)........
#...#.#.###..#####
#...)...###..####
#.g.#........(..#
#.#..##..####.##.# #.
#. #..........# ..


You could see a hobgoblin.

Vanquished Creatures
  Natasha (D:3)
  Robin (D:3)
  3 adders (D:2)
  3 worms
  2 leopard geckos (D:1)
  4 orcs (D:3)
  2 giant cockroaches
  11 goblins
  5 hobgoblins
  6 jackals (D:1)
  A ball python (D:1)
  3 bats
  3 frilled lizards (D:1)
  13 kobolds
  A rat (D:1)
59 creatures vanquished.

Notes
Turn   | Place    | Note
-------+----------+-------------------------------------------
     0 | D:1      | Kaname the Demonspawn Venom Mage began the quest for the Orb.
     0 | D:1      | Reached XP level 1. HP: 13/13 MP: 3/3
   202 | D:1      | Gained mutation: You have sharp fingernails. [demonic ancestry]
   202 | D:1      | Reached XP level 2. HP: 4/19 MP: 0/5
   206 | D:1      | Learned a level 2 spell: Poisonous Vapours
   992 | D:1      | Reached XP level 3. HP: 8/24 MP: 2/6
  1042 | D:1      | Learned a level 3 spell: Mephitic Cloud
  1262 | D:1      | Reached skill level 4 in Poison Magic
  1447 | D:2      | Found a snail-covered altar of Cheibriados.
  1652 | D:2      | Reached XP level 4. HP: 22/30 MP: 1/7
  2011 | D:3      | Reached skill level 1 in Air Magic
  2110 | D:3      | Noticed a black bear
  2148 | D:3      | Noticed Natasha
  2152 | D:3      | Killed Natasha
  2191 | D:3      | Noticed Robin
  2194 | D:3      | Killed Robin
  2194 | D:3      | Reached skill level 5 in Poison Magic
  2218 | D:3      | Gained mutation: When seriously injured, your bleeding wounds create armour. (AC +0) [demonic ancestry]
  2218 | D:3      | Reached XP level 5. HP: 28/35 MP: 4/8
  2219 | D:3      | Quit the game

Vault maps used:
D:1:      lemuel_arrival_broad_hall, minmay_misc_feat_doors
D:2:      minmay_crystal_room, cheibriados_altar_1
D:3:      first_bread, lightli_corner_chamber, uniq_natasha, uniq_robin,
          uniq_sigmund

Skill      XL: |  1  2  3  4 |
---------------+-------------+-----
Poison Magic   | 4 5 |  5.0
Conjurations   | 2 |  2.0
Air Magic      | 1 |  1.4
Dodging        | |  1.7
Stealth        | |  1.7
Spellcasting   | |  2.0

Action                   |  1- 3 |  4- 6 || total
-------------------------+-------+-------++-------
Melee: Short sword       |    80 |     2 ||    82
       Trident           |       |    50 ||    50
 Cast: Sting             |    55 |    11 ||    66
       Poisonous Vapours |     5 |     5 ||    10
  Use: Scroll            |       |     6 ||     6
 Stab: Sleeping          |     2 |     2 ||     4
  Eat: Chunk             |     3 |     3 ||     6
Armor: Robe              |     9 |    10 ||    19
Dodge: Dodged            |    38 |    23 ||    61

Table legend:
 A = Spawn XP
 B = Non-spawn XP
 C = Spawn XP percentage of total XP
 D = Spawn monster count
 E = Non-spawn monster count
 F = Spawn count percentage of total count
 G = Total turns spent on level
                    A         B        C        D         E        F      G
               +---------+---------+-------+---------+---------+-------+---------
         Total |       0 |     196 |   0.0 |       0 |      59 |   0.0 |  2219
               +---------+---------+-------+---------+---------+-------+---------
           D:1 |       0 |      50 |   0.0 |       0 |      30 |   0.0 |  1309
           D:2 |       0 |      60 |   0.0 |       0 |      12 |   0.0 |   644
           D:3 |       0 |      86 |   0.0 |       0 |      17 |   0.0 |   266
               +---------+---------+-------+---------+---------+-------+---------
